 Dungeon Crawl Stone Soup version 0.16-a0-1109-gda7d4ef (webtiles) character file.

104 JacquesDerrida the Cudgeler (level 4, 4/36 HPs)
             Began as a Demigod Skald on Oct 6, 2014.
             Quit the game on level 3 of the Dungeon.
             The game lasted 00:03:55 (1583 turns).

JacquesDerrida the Cudgeler (Demigod Skald)         Turns: 1583, Time: 00:03:55

Health: 4/36       AC:  4    Str: 15    XL:     4   Next: 28%
Magic:  2/9        EV: 11    Int: 16    God:
Gold:   133        SH:  0    Dex: 17    Spells: 2 memorised, 2 levels left

rFire  + . .     SeeInvis .     o - +0 flail
rCold  + . .     Clarity  .     b - +0 leather armour
rNeg   . . .     SustAb   .     (no shield)
rPois  +         Gourm    .     (no helmet)
rElec  +         Spirit   .     (no cloak)
rCorr  +         Warding  .     n - +0 pair of gloves
rMut   .         Stasis   .     (no boots)
MR     .....                    j - amulet of rage
Stlth  +.........               (no ring)
                                i - ring of wizardry

@: resistant, very slightly contaminated, not resistant to hostile enchantments,
very unstealthy
A: blurry vision 1, poison resistance, no device heal 1
a: Evoke Berserk Rage


You were on level 3 of the Dungeon.
You were hungry.

You visited 1 branch of the dungeon, and saw 3 of its levels.

You collected 133 gold pieces.

Inventory:

Hand weapons
 a - a +0 mace
 o - a +0 flail (weapon)
Armour
 b - a +0 leather armour (worn)
 n - a +0 pair of gloves (worn)
Comestibles
 d - 2 bread rations
 g - a meat ration
 k - 2 beef jerkies
Scrolls
 e - 2 scrolls of amnesia {unknown}
 f - a scroll of recharging {unknown}
 l - a scroll of immolation {unknown}
Jewellery
 i - a ring of wizardry (left hand)
 j - an amulet of rage (around neck)
Books
 c - a book of Battle

   Spells                             Type                      Level
   *Infusion                          Charms                       1
   Shroud of Golubria                 Charms/Translocation         2
   Song of Slaying                    Charms                       2
   Spectral Weapon                    Hexes/Charms                 3
   *Regeneration                      Charms/Necromancy            3


   Skills:
 - Level 1.7 Fighting
 + Level 4.3 Maces & Flails
 - Level 0.8 Armour
 - Level 0.8 Dodging
 - Level 1.7 Spellcasting
 - Level 2.6 Charms


You had 2 spell levels left.
You knew the following spells:

 Your Spells              Type           Power        Failure   Level  Hunger
a - Infusion              Chrm           ##....       4%          1    ##.....
r - Regeneration          Chrm/Necr      #.........   16%         3    ####...


Dungeon Overview and Level Annotations

Branches:
Dungeon (3/15)


Innate Abilities, Weirdness & Mutations

Your vision is a little blurry.
Your system is resistant to poisons.
Potions and wands are less effective at restoring your health.


Message History

Unknown command.
Drink which item? (? for menu, Esc to quit)
You feel protected.
It was a potion of resistance.
The hound barely misses you.
Drink which item? (? for menu, Esc to quit)
You feel extremely strange.
Your vision blurs.
You feel resistant to poisons.
Your system partially rejects artificial healing.
It was a potion of mutation.
The hound closely misses you. The hound bites you but does no damage.
You hit the hound.
The hound is severely wounded.
The hound closely misses you. The hound barely misses you.
You sock the hound!
You kill the hound!
You have reached level 4!
You see here a hound corpse.
You aren't carrying any potions.
You swing at nothing.
Are you sure you want to abandon this character and quit the game? (Confirm with "yes".)

#.# .....g( #.# #....#
######### #.# #....#
........# #.# #.#
#######.# #.# #.# #.#
#.# #h# #.# #%# #.# #.#
#.# #g# #.# #@# #.# #.#
#)# #.# #######.#
##.####.#
.....##.#######....gh.#
####.............######
####.........##
###########


There were no monsters in sight!

Vanquished Creatures
  An orc priest (D:3)
  A hound (D:3)
  An ooze (D:2)
  2 orcs (D:3)
  6 bats
  2 giant cockroaches (D:1)
  5 goblins
  6 hobgoblins
  2 jackals (D:2)
  3 kobolds
  A quokka (D:2)
  4 giant newts (D:1)
  6 rats
40 creatures vanquished.

Notes
Turn   | Place    | Note
--------------------------------------------------------------
     0 | D:1      | JacquesDerrida, the Demigod Skald, began the quest for the Orb.
     0 | D:1      | Reached XP level 1. HP: 17/17 MP: 3/3
   296 | D:1      | Reached XP level 2. HP: 11/24 MP: 4/4
   688 | D:2      | Reached skill level 3 in Maces & Flails
  1211 | D:2      | Reached XP level 3. HP: 24/29 MP: 1/7
  1235 | D:2      | Learned a level 3 spell: Regeneration
  1517 | D:3      | Reached skill level 4 in Maces & Flails
  1576 | D:3      | Gained mutation: Your vision is a little blurry. [potion of mutation]
  1576 | D:3      | Gained mutation: Your system is resistant to poisons. [potion of mutation]
  1576 | D:3      | Gained mutation: Potions and wands are less effective at restoring your health. [potion of mutation]
  1578 | D:3      | Reached XP level 4. HP: 4/36 MP: 1/9
  1583 | D:3      | Quit the game

Action                   |  1- 3 |  4- 6 || total
-------------------------+-------+-------++-------
Melee: Mace              |   102 |       ||   102
       Flail             |    14 |       ||    14
 Cast: Infusion          |    11 |       ||    11
       Regeneration      |     1 |       ||     1
  Use: Potion            |     2 |       ||     2
 Stab: Sleeping          |     1 |       ||     1
  Eat: Chunk             |     2 |       ||     2
